 Dungeon Crawl Stone Soup version 0.26.1-11-gd32895ea62 (webtiles) character file.

Game seed: 8068167868555186256

136 vhaine the Chiller (level 5, 0/35 HPs)
             Began as a Merfolk Ice Elementalist on Apr 23, 2021.
             Succumbed to a kobold's poison
             ... on level 3 of the Dungeon.
             The game lasted 00:07:13 (4015 turns).

vhaine the Chiller (Merfolk Ice Elementalist)       Turns: 4015, Time: 00:07:13

Health: 0/35       AC:  3    Str:  8    XL:     5   Next: 19%
Magic:  2/8        EV: 13    Int: 16    God:
Gold:   152        SH:  0    Dex: 14    Spells: 7/8 levels left

rFire    . . .     SeeInvis .   j - +0 spear
rCold    . . .     Faith    .   (no shield)
rNeg     . . .     Spirit   .   a - +0 robe
rPois    .         Reflect  .   (no helmet)
rElec    .         Harm     .   h - +0 cloak
rCorr    .         Rampage  .   (no gloves)
Will     .....                  (no boots)
Stlth    ++++......             (no amulet)
HPRegen  0.11/turn              g - ring of stealth
MPRegen  0.11/turn              n - ring of stealth

@: mighty, lethally poisoned (0 -> -18)
A: change form in water, swift swim, stealthy swim
a: no special abilities


You were on level 3 of the Dungeon.
You visited 1 branch of the dungeon, and saw 3 of its levels.

You collected 152 gold pieces.

Inventory:

Hand Weapons
 i - a +0 dagger of freezing
 j - a +0 spear (weapon)
Armour
 a - a +0 robe (worn)
 h - a +0 cloak (worn)
Jewellery
 g - a ring of stealth (left hand)
 n - a ring of stealth (right hand)
 o - an uncursed ring of protection from fire {unknown}
 p - a +6 ring of strength
Wands
 s - a wand of polymorph (3)
Scrolls
 b - 6 scrolls of identify {unknown}
 d - 2 scrolls of teleportation {unknown}
 e - a scroll of fog {unknown}
 l - a scroll of fear {unknown}
 t - a scroll of amnesia {unknown}
Potions
 c - a potion of invisibility {unknown}
 f - 2 potions of attraction {unknown}
 k - 3 potions of might
 m - a potion of curing {unknown}
 q - a potion of heal wounds {unknown}
 r - a potion of berserk rage {unknown}


   Skills:
 - Level 2.6 Dodging
 - Level 2.1 Stealth
 - Level 2.0 Spellcasting
 + Level 7.0 Ice Magic


You had 7 spell levels left.
You knew the following spells:

 Your Spells              Type           Power        Failure   Level
a - Freeze                Ice            96%          1%          1

Your spell library contained the following spells:

 Spells                   Type           Power        Failure   Level
 Frozen Ramparts          Ice            48%          3%          3
 Ozocubu's Armour         Ice            24%          3%          3
 Hailstorm                Conj/Ice       12%          43%         4
 Summon Ice Beast         Ice/Summ       12%          43%         4


Dungeon Overview and Level Annotations

Branches:
Dungeon (3/15)

Altars:
Yredelemnul

Annotations:
D:3 Grinder


Message History

You are more poisoned.
Things that are here:
a poisoned dart; a frilled lizard corpse
* * * LOW HITPOINT WARNING * * *
You feel sick.
The kobold hits you with a +0 short sword.
* * * LOW HITPOINT WARNING * * *
Casting: Freeze (safe; 1% risk of failure)
Confirm with . or Enter, or press ? or * to list all spells.
Aiming: Freeze (safe; 1% risk of failure)
Press: ? - help, Shift-Dir - straight line, f - kobold
Aim: a kobold, wielding a +0 short sword and quivering 5 poisoned darts You freeze the kobold.
You kill the kobold!
* * * LOW HITPOINT WARNING * * *
You feel sick.
Your Ice Magic skill increases to level 7!
It was a potion of might.
You feel very mighty all of a sudden.
You die...

# #. #..
#... #....
#.....#####
#.....'.).#
#.....##@##
#.... #(#
#### #(#
#.# #.# #.#
####### #.#
......# #.#
#####.# #.#


There were no monsters in sight!

Vanquished Creatures
  Jessica (D:3)
  Robin (D:3)
  2 adders (D:3)
  An ooze (D:3)
  2 worms
  A leopard gecko (D:1)
  7 bats
  4 giant cockroaches
  9 goblins
  11 hobgoblins
  10 kobolds
  3 quokkas
  A ball python (D:1)
  4 frilled lizards
  9 rats
66 creatures vanquished.

Vanquished Creatures (others)
  A withered plant (D:3)
1 creature vanquished.

Grand Total: 67 creatures vanquished

Notes
Turn   | Place    | Note
-------+----------+-------------------------------------------
     0 | D:1      | vhaine the Merfolk Ice Elementalist began the quest for the
                  | Orb.
     0 | D:1      | Reached XP level 1. HP: 13/13 MP: 3/3
   249 | D:1      | Reached XP level 2. HP: 19/19 MP: 3/5
   402 | D:1      | Reached skill level 5 in Ice Magic
  1183 | D:2      | You fall into a shaft and drop 1 floor!
  1263 | D:3      | Reached XP level 3. HP: 20/24 MP: 4/6
  1761 | D:3      | Noticed Jessica
  1772 | D:3      | Killed Jessica
  1773 | D:3      | Reached skill level 6 in Ice Magic
  1773 | D:3      | Reached XP level 4. HP: 25/30 MP: 3/7
  1937 | D:3      | Noticed Grinder
  3031 | D:3      | Noticed Robin
  3264 | D:3      | Found a basalt altar of Yredelemnul.
  3380 | D:3      | Killed Robin
  3381 | D:3      | Reached XP level 5. HP: 12/35 MP: 6/8
  4014 | D:3      | HP: 1/35 [poisoned by a kobold]
  4015 | D:3      | Reached skill level 7 in Ice Magic
  4015 | D:3      | Succumbed to a kobold's poison

Illustrated notes

Levels and vault maps discovered:
D:1:      enne_arrival_octagon_isle, layout_basic
D:2:      layout_loops_ring
D:3:      layout_basic, yredelemnul_altar_generic, uniq_robin, uniq_jessica,
          uniq_grinder

Skill      XL: |  1  2  3  4  5 |
---------------+----------------+-----
Ice Magic      | 5 6 7 |  7.0
Dodging        | |  2.6
Stealth        | |  2.1
Spellcasting   | |  2.0

Action                   |  1- 3 |  4- 6 || total
-------------------------+-------+-------++-------
Melee: Unarmed           |     2 |    29 ||    31
       Spear             |    50 |   110 ||   160
 Cast: Freeze            |    41 |    19 ||    60
  Use: Potion            |       |     1 ||     1
 Stab: Sleeping          |     2 |     3 ||     5
Armor: Robe              |     8 |    27 ||    35
Dodge: Dodged            |    47 |    86 ||   133
